 Dungeon Crawl Stone Soup version 0.28.0-43-g3370ac3207 (webtiles) character file.

Game seed: 14773617857717510880

126 zeram the Sneak (level 4, -3/22 HPs)
             Began as a Spriggan Brigand on Mar 6, 2022.
             Slain by a water moccasin skeleton (5 damage)
             ... on level 6 of the Dungeon.
             The game lasted 00:03:47 (3479 turns).

zeram the Sneak (Spriggan Brigand)                  Turns: 3479, Time: 00:03:48

Health: -3/22      AC:  3    Str:  7    XL:     4   Next: 84%
Magic:  5/5        EV: 17    Int: 14    God:
Gold:   27         SH:  0    Dex: 16    Spells: 3/3 levels left

rFire   . . .      SeeInvis +   a - +2 dagger
rCold   . . .      Faith    .   (no shield)
rNeg    . . .      Spirit   .   b - +0 robe
rPois   .          Reflect  .   (helmet restricted)
rElec   .          Harm     .   c - +0 cloak
rCorr   .          Rampage  .   (gloves unavailable)
Will    .....                   (boots unavailable)
Stlth   ++++......              (no amulet)
HPRegen 0.07/turn               (no ring)
MPRegen 0.09/turn               (no ring)

@: marked, very quick
A: very small, no large weapons, unfitting armour, see invisible, speed 3
a: no special abilities


You were on level 6 of the Dungeon.
You visited 1 branch of the dungeon, and saw 6 of its levels.

You collected 27 gold pieces.

Inventory:

Hand Weapons
 a - a +2 dagger (weapon)
Missiles
 d - 14 poisoned darts (quivered)
 e - 2 curare-tipped darts
Armour
 b - a +0 robe (worn)
 c - a +0 cloak (worn)
Scrolls
 f - a scroll of acquirement {unknown}
 h - a scroll of identify
Potions
 g - 2 potions of heal wounds
 j - a potion of might {unknown}
 k - a potion of haste {unknown}
 l - 2 potions of degeneration {unknown}


   Skills:
 - Level 1.5 Fighting
 + Level 3.7 Short Blades
 - Level 2.0 Throwing
 + Level 2.6 Dodging
 + Level 7.9 Stealth


You had 3 spell levels left.
You didn't know any spells.
Your spell library was empty.

Dungeon Overview and Level Annotations

Branches:
Dungeon (6/15)
 Temple: D:4-7

Altars:

Shops:
D:2 (

Annotations:
D:3 Grinder


Innate Abilities, Weirdness & Mutations

You are very small and have problems with some larger weapons.
You are too small for most types of armour.
You have supernaturally acute eyesight. (SInv)
You cover ground extremely quickly. (Speed+++)


Message History

The phantom hits you but does no damage.
Found a hand crossbow.
There is a stone staircase leading down here.
You climb downwards.
A sourceless malevolence fills the Dungeon...
With a horrendous wail, an alarm goes off!
A sentinel's mark forms upon you.
The orc shouts!
The jelly quivers.
You hear an angry hiss.
You hear a shout!
You hear an angry hiss.
Something shouts, "Disclaim thyself, thou infectious nut-hook weenchy-treat!"
You hear a shout!
You hear an angry hiss.
Found a smoky grey potion, a scroll labelled UGOG TOHIULU and 14 stones.
There is a stone staircase leading up here.
Found 6 gold pieces.
Found a stone staircase leading down.
There is a stone staircase leading down here.
You climb downwards.
There is a stone staircase leading up here.
There are monsters nearby!
A water moccasin skeleton comes into view.
You closely miss the iguana.
The iguana hisses menacingly.
The iguana closely misses you.
Okay, then.
Okay, then.
You barely miss the water moccasin skeleton.
The water moccasin skeleton bites you but does no damage.
You hit the water moccasin skeleton.
The water moccasin skeleton is lightly damaged.
The iguana completely misses you.
The water moccasin skeleton closely misses you.
You hit the water moccasin skeleton.
The water moccasin skeleton is lightly damaged.
The iguana barely misses you. The water moccasin skeleton bites you.
* * * LOW HITPOINT WARNING * * *
You hit the water moccasin skeleton.
The water moccasin skeleton is lightly damaged.
The water moccasin skeleton bites you.
You die...

# ....... #
#.#.....##.#
###.#........
..........# #
#.#<####.#
#........#
#..s.....#
###l######
#@# #Z# #.#
#.# #.# #.#
... ... .....


You could see a scorpion, an iguana and a water moccasin skeleton.

Vanquished Creatures
  A water moccasin skeleton (D:3)
  An adder (D:2)
  A dart slug (D:2)
  An orc (D:3)
  3 ball pythons
  7 endoplasms
  2 giant cockroaches (D:2)
  5 hobgoblins
  11 jackals
  5 bats
  5 frilled lizards
  7 goblins
  6 kobolds
  3 rats
58 creatures vanquished.

Notes
Turn   | Place    | Note
-------+----------+-------------------------------------------
     0 | D:1      | zeram the Spriggan Brigand began the quest for the Orb.
     0 | D:1      | Reached XP level 1. HP: 10/10 MP: 2/2
    32 | D:1      | Reached skill level 6 in Stealth
   324 | D:1      | Reached XP level 2. HP: 14/14 MP: 3/3
  1645 | D:1      | Reached skill level 7 in Stealth
  1722 | D:2      | Reached XP level 3. HP: 18/18 MP: 4/4
  2120 | D:2      | Found a faded altar of an unknown god.
  2382 | D:2      | Reached XP level 4. HP: 22/22 MP: 5/5
  2513 | D:2      | Found Xuoblum's Weapon Shop.
  3403 | D:3      | Noticed Grinder
  3431 | D:4      | Noticed a phantom
  3451 | D:5      | Entered Level 5 of the Dungeon
  3464 | D:6      | Noticed a scorpion
  3479 | D:6      | Slain by a water moccasin skeleton

Illustrated notes

Levels and vault maps discovered:
D:1:      nzn_arrival_settlement, layout_basic
D:2:      layout_loops_ring, hellmonk_ecumenical_altar_prayer_group,
          serial_shops, shop, hex_medium
D:3:      layout_basic, nicolae_qazlal_scattered_showers,
          grunt_temple_overflow_cloverleaf, lemuel_crystal_altar, serial_rivers,
          chequers_serial_rivers_micro_e, chequers_serial_rivers_room_a,
          chequers_serial_rivers_micro_d, chequers_serial_rivers_micro_a,
          uniq_grinder, uniq_robin, uniq_sigmund
D:4:      layout_basic, lemuel_tele_altar, serial_shops,
          nicolae_shop_temple_entry_statues_fountains, uniq_crazy_yiuf_cottage
D:5:      layout_loops_ring, st_stairs_10, uniq_menkaure, uniq_duvessa
D:6:      layout_loops_corners, minmay_temple_entry_butterflies, uniq_edmund,
          uniq_pikel

Skill      XL: |  1  2  3 |
---------------+----------+-----
Stealth        | 6 7 |  7.9
Dodging        | 2 |  2.6
Short Blades   | 3 |  3.7
Fighting       | |  1.5
Throwing       | |  2.0

Action                   |  1- 3 |  4- 6 || total
-------------------------+-------+-------++-------
Melee: Dagger            |   182 |    64 ||   246
       Punch             |     2 |       ||     2
  Use: Scroll            |     1 |     3 ||     4
 Stab: Sleeping          |    13 |       ||    13
Armor: Robe              |    31 |    12 ||    43
Dodge: Dodged            |   122 |    46 ||   168
